 Dungeon Crawl Stone Soup version bcrawl-1.38.1 (webtiles) character file.

Game seed: 16604837900137430896

536727 Morbidden the Grappler (level 14, -6/133 HPs)
             Began as a Troll Archaeologist on Apr 3, 2023.
             Was the Champion of Cheibriados.
             Mangled by an orange demon (13 damage)
             ... summoned by a deep elf mage
             ... on level 11 of the Dungeon.
             The game lasted 00:36:32 (17913 turns).

Morbidden the Grappler (Troll Archaeologist)       Turns: 17913, Time: 00:36:33

Health: -6/133     AC: -2    Str: 37    XL:     14   Next: 70%
Magic:  22/22      EV: 15    Int: 30    God:    Cheibriados [******]
Gold:   1847       SH: 17    Dex: 23    Spells: 24/25 levels left

rFire    . . .     GDR:     36%   - Claws (41.6)
rCold    + . .     SeeInvis .   S - +2 medium shield {reflect}
rNeg     + . .     Gourm    +   (armour unavailable)
rPois    +         Faith    .   c - +2 hat
rElec    +         Spirit   .   q - +1 cloak {rPois}
rCorr    .         Reflect  +   (gloves unavailable)
MR       +....     Clarity  +   (boots unavailable)
Stlth    ++++......             G - amulet "Jeoc Yni" {Reflect rPois rN+ SH+3 Stlth+}
HPRegen  1.12/turn              J - ring of protection from cold
MPRegen  0.18/turn              X - ring of insulation

@: about to teleport, corroded, studying Transmutations, very slow
A: large, almost no armour, claws 3, fast metabolism 3, gourmand, regeneration
2, AC +10
a: Bend Time, Defer, Temporal Distortion, Step From Time, Renounce Religion


You were on level 11 of the Dungeon.
You worshipped Cheibriados.
Cheibriados was exalted by your worship.
You were very full.

You visited 3 branches of the dungeon, and saw 18 of its levels.
You also visited: Sewer and Ice Cave.

You collected 2900 gold pieces.
You spent 1053 gold pieces at shops.

Inventory:

Hand Weapons
 b - a +0 fustibalus of freezing
 o - a +0 blowgun
 Z - a +6 hunting sling of flaming
Missiles
 d - 2 curare-tipped needles
 h - 409 poisoned tomahawks (quivered)
 l - 3576 stones
 m - 1185 sling bullets
 u - 340 poisoned needles
 y - 64 large rocks
 O - 4 throwing nets {=f}
Armour
 c - a +2 hat (worn)
 q - a +1 cloak of poison resistance (worn)
 S - a +2 medium shield of reflection (worn)
Jewellery
 F - an uncursed ring of stealth
 G - the amulet "Jeoc Yni" (around neck) {Reflect rPois rN+ SH+3 Stlth+}
   (You bought it in a shop on level 11 of the Dungeon)

   [amulet of reflection]

   It shields you and reflects attacks.
   It protects you from poison.
   It protects you from negative energy.
   It affects your SH (+3).
   It makes you more stealthy.
 J - a ring of protection from cold (left claw)
 K - an uncursed ring of protection from cold
 P - an uncursed ring of protection from fire
 X - a ring of insulation (right claw)
Wands
 f - a wand of charming (8)
 r - a wand of disintegration (32)
 t - a wand of paralysis (8)
 I - a wand of digging (10)
 U - a wand of flame (10)
 Y - a wand of iceblast (8)
Scrolls
 a - 6 scrolls of blinking
 i - a scroll of identify
 j - 9 scrolls of teleportation
 w - 3 scrolls of remove curse
 x - a scroll of amnesia
 M - 2 scrolls of magic mapping
 N - 5 scrolls of enchant weapon
 Q - 3 scrolls of fear
 R - 2 scrolls of enchant armour
 T - a scroll of immolation
Potions
 g - 2 potions of flight
 n - 8 potions of curing
 p - 6 potions of heal wounds
 s - 3 potions of might
 v - 3 potions of brilliance
 z - 3 potions of mutation
 A - a potion of lignification
 B - 2 potions of agility
 C - 2 potions of magic
 D - 2 potions of ambrosia
 E - 4 potions of invisibility
 H - a potion of resistance {unknown}
Miscellaneous
 L - a phial of floods (inert)
 V - a lightning rod (inert)
 W - a box of beasts
Comestibles
 e - 36 rations {!d}


   Skills:
 * Level 7.1 Fighting
   Level 1.0 Maces & Flails
 + Level 6.6(7.6) Slings
 * Level 7.5(9.4) Throwing
 * Level 8.5 Dodging
 + Level 3.4 Stealth
 * Level 4.6 Shields
 * Level 12.3 Unarmed Combat
 * Level 6.3 Spellcasting
 * Level 1.2 Conjurations
 * Level 0.7 Fire Magic
 * Level 5.3 Invocations
 * Level 5.7 Evocations


You had 24 spell levels left.
You knew the following spells:

 Your Spells              Type           Power        Failure   Level  Hunger
a - Flame Tongue          Conj/Fire      ###..        14%         1    None

Your spell library contained the following spells:

 Spells                   Type           Power        Failure   Level  Hunger
 Flaming Arrows           Chrm/Fire      ##......     28%         2    None
 Poisonous Vapours        Pois/Air       #.....       32%         2    None
 Conjure Flame            Conj/Fire      ###.....     41%         3    #......
 Dazzling Orbs            Conj/Hex       ##.....      45%         3    #......
 Inner Flame              Hex/Fire       N/A          50%         3    #......
 Mephitic Cloud           Conj/Pois/Air  ##......     50%         3    #......
 Confuse                  Hex            #.......     54%         3    #......
 Sticky Flame             Conj/Fire      ###.....     82%         4    ####...
 Petrify                  Tmut/Erth      #.........   91%         4    ####...
 Yara's Violent Unravell  Hex/Tmut       #.........   91%         4    ####...
 Fireball                 Conj/Fire      ###.......   99%         5    #####..
 Freezing Cloud           Ice/Air        #.......     99%         5    #####..
 Metabolic Englaciation   Hex/Ice        #.........   99%         5    #####..
 Silence                  Hex/Air        #.........   99%         5    #####..
 Steam Barrier            Chrm/Fire      ##........   99%         5    #####..
 Bolt of Cold             Conj/Ice       ##........   100%        6    ######.
 Ozocubu's Refrigeration  Ice            #.........   100%        6    ######.
 Simulacrum               Ice/Necr       #.......     100%        6    ######.


Dungeon Overview and Level Annotations

Branches:
Dungeon (11/12)            Temple (1/1) D:7            Lair (6/6) D:8
 Shoals (0/3) Lair:4       Spider (0/3) Lair:3        Slime (0/5) Lair:5
    Orc: D:8-11      Vaults: D:11-12

Altars:
Cheibriados
Makhleb
Qazlal
Ru
Sif Muna
Trog
Vehumet
Xom
Zin
The Shining One
Jiyva

Shops:
D:4 !*   D:9 !   D:11 ?[=

Annotations:
Lair:1 exclusion: oklob plant
Lair:2 1 runed translucent door, Uweobari's ghost, journeyman DsFi
Lair:5 1 runed door


Innate Abilities, Weirdness & Mutations

You cannot wear most types of armour.
Your thick skin is tough. (AC +10)
You are too large for most types of armour.
You have claws for hands.
Your metabolism is lightning-fast.
You like to eat raw meat.
You heal very quickly.


Message History

You block the yaktaur's attack.
The deep elf mage casts a spell.
No path to travel!
No path to travel!
As you read the scroll of fear, it crumbles to dust.
You assume a fearsome visage.
The orange demon is unaffected.
The yaktaur resists with some effort.
The yaktaur looks frightened!
The centaur looks frightened!
The deep elf mage looks frightened!
The kobold brigand looks frightened! x2; The yaktaur closely misses you.
The deep elf mage mumbles some strange words.
The deep elf mage blinks!
You block the orange demon's attack.
No path to travel!
No path to travel!
No path to travel!
As you read the scroll of teleportation, it crumbles to dust.
You feel strangely unstable. The yaktaur hits you!
* * * LOW HITPOINT WARNING * * *
The deep elf mage mumbles some strange words.
The deep elf mage blinks!
The orange demon stings you from afar!
You die...

#.#.§#.## ........ ...#
####.#..#.#### ...#
........K.... ...#
....e.)... ...# ###4#..#c###
...# #c.§)c.....# #.# ...#
#@.# #.# #.# †..# #).# #.#
#.# ...# #.K# #.# #.# ...#
#..# #.# #.### ...#
..#######..#### ##.# #....
...# ...............# #..#
#.).. )..# #...............#
#..###÷... )..#
#...............###.......##
)).#
#....................###..#


You could see an orange demon, 2 yaktaurs, a deep elf mage (fleeing), 2 kobold
brigands and a centaur (fleeing).

Vanquished Creatures
  Rupert (Lair:5)
  A frost giant (IceCv)
  Nessos (Lair:5)
  6 hydras
  Harold (D:10)
  A two-headed ogre (D:11)
  A merfolk avatar (Lair:6)
  2 tengu warriors (D:11)
  Sonja (Lair:3)
  5 death yaks
  2 centaur warriors (D:11)
  A skeletal warrior (D:10)
  A fire crab (Lair:3)
  A cyclops (D:11)
  A deep elf mage (D:11)
  Pikel (D:7)
  A harpy (Lair:6)
  An ugly thing (D:10)
  A manticore (Lair:6)
  A salamander (shapeshifter) (D:11)
  Joseph (D:7)
  2 slime creatures (D:9)
  6 elephants (Lair:6)
  8 black mambas
  20 cane toads
  3 rime drakes (Lair:6)
  A tengu conjurer (D:11)
  9 komodo dragons
  2 yaktaurs (D:11)
  A merfolk (D:9)
  A troll (D:7)
  A hornet (D:10)
  Prince Ribbit (D:7)
  2 harpy skeletons
  2 wind drakes (Lair:6)
  21 polar bears
  A snapping turtle (Lair:4)
  15 blink frogs
  5 hippogriffs
  Sigmund (D:4)
  A meliai zombie (D:11)
  33 yaks
  6 basilisks
  2 wyverns
  A redback (Lair:3)
  12 crocodiles
  10 water moccasins
  An acid dragon (D:11)
  12 porcupines
  3 orc warriors
  5 soldier ants (D:11)
  9 ice beasts
  3 sky beasts
  4 black bears
  A necrophage (D:8)
  12 wolves
  4 ogres
  3 kobold brigands
  6 bullfrogs
  6 centaurs
  5 scorpions
  12 killer bees (D:8)
  20 wights
  2 howler monkeys
  An electric eel (Lair:3)
  6 orc priests
  5 crimson imps
  5 hounds
  A bullfrog zombie (D:5)
  2 jellies
  A gnoll shaman (D:5)
  8 orc wizards
  Natasha (thrice) (D:3)
  2 bullfrog skeletons
  2 iguanas
  29 worker ants
  2 worker ant zombies
  Robin (D:3)
  14 gnolls
  11 adders
  2 river rats (Sewer)
  2 shadow imps
  An ooze (D:1)
  2 worms
  4 dart slugs (D:1)
  10 leopard geckos
  46 orcs
  2 giant cockroaches
  12 hobgoblins
  4 jackals (D:5)
  23 kobolds
  5 quokkas
  6 ball pythons (Sewer)
  5 bats
  4 frilled lizards
  12 goblins
  A quokka zombie (D:5)
  7 rats
  A plant (Lair:1)
549 creatures vanquished.

Vanquished Creatures (collateral kills)
  A black mamba (Lair:5)
  A cane toad (Lair:5)
  3 soldier ants (D:11)
  3 worker ants (D:11)
8 creatures vanquished.

Vanquished Creatures (others)
  A polar bear (IceCv)
  A soldier ant (D:11)
  2 wolves (IceCv)
  A goblin (D:3)
  5 fungi
  21 plants
31 creatures vanquished.

Grand Total: 588 creatures vanquished

Notes
Turn   | Place    | Note
-------+----------+-------------------------------------------
     0 | D:1      | Morbidden the Troll Archaeologist began the quest for the
                  | Orb.
     0 | D:1      | Reached XP level 1. HP: 18/18 MP: 0/0
   254 | D:1      | Reached skill level 1 in Fighting
   255 | D:1      | Reached XP level 2. HP: 27/27 MP: 1/1
   651 | D:1      | Reached XP level 3. HP: 27/33 MP: 2/2
   659 | D:1      | Reached skill level 1 in Unarmed Combat
  1596 | D:2      | Gained mutation: Your natural rate of healing is unusually
                  | fast. [Troll growth]
  1596 | D:2      | Reached XP level 4. HP: 35/41 MP: 3/3
  1647 | D:2      | Reached skill level 1 in Throwing
  1817 | D:2      | Got a glittering silver ring
  1818 | D:2      | Identified the ring of Ushanup {Fire Dex+2} (You found it
                  | on level 2 of the Dungeon)
  1987 | D:3      | Reached skill level 2 in Unarmed Combat
  2005 | D:3      | Noticed Robin
  2039 | D:3      | Killed Robin
  2040 | D:3      | Reached XP level 5. HP: 28/48 MP: 5/5
  2040 | D:3      | Identified a scroll of acquirement
  2074 | D:3      | Found a glowing drain.
  2100 | Sewer    | Entered a sewer
  2223 | Sewer    | Reached skill level 1 in Evocations
  2532 | D:3      | Reached skill level 1 in Spellcasting
  2620 | D:3      | Noticed Natasha
  2629 | D:3      | Killed Natasha
  2630 | D:3      | Reached skill level 1 in Slings
  2630 | D:3      | Reached XP level 6. HP: 55/57 MP: 6/6
  3109 | D:3      | Noticed Natasha
  3111 | D:3      | Killed Natasha
  3294 | D:3      | Noticed Natasha
  3306 | D:3      | Killed Natasha
  4653 | D:4      | Noticed Sigmund
  4668 | D:4      | Killed Sigmund
  4669 | D:4      | Reached skill level 3 in Unarmed Combat
  4669 | D:4      | Reached XP level 7. HP: 47/63 MP: 6/8
  4684 | D:4      | Found Wyelai's General Store.
  4692 | D:4      | Bought 109 poisoned tomahawks for 119 gold pieces
  5057 | D:4      | Found a shimmering altar of Xom.
  5191 | D:4      | Found Haqajo Vitia's Distillery.
  5200 | D:4      | Bought a potion of lignification for 39 gold pieces
  5200 | D:4      | Bought a potion of lignification for 39 gold pieces
  5480 | D:5      | Entered Level 5 of the Dungeon
  5498 | D:5      | Reached skill level 4 in Unarmed Combat
  5663 | D:5      | Reached XP level 8. HP: 74/74 MP: 8/10
  5863 | D:5      | Reached skill level 5 in Unarmed Combat
  5963 | D:5      | Found a shimmering blue altar of Sif Muna.
  6488 | D:6      | Found a glowing golden altar of the Shining One.
  6808 | D:6      | Noticed a komodo dragon
  6844 | D:6      | Killed a komodo dragon
  6845 | D:6      | Reached XP level 9. HP: 28/81 MP: 10/12
  7110 | D:7      | Noticed Joseph
  7122 | D:7      | Killed Joseph
  7235 | D:7      | Found a staircase to the Ecumenical Temple.
  7241 | D:7      | Noticed a troll
  7251 | D:7      | Killed a troll
  7252 | D:7      | Reached skill level 6 in Unarmed Combat
  7261 | Temple   | Entered the Ecumenical Temple
  7268 | Temple   | Became a worshipper of Cheibriados the Contemplative
  7466 | D:7      | Noticed Prince Ribbit
  7640 | D:7      | Killed Prince Ribbit
  7704 | D:7      | Noticed Pikel
  7728 | D:7      | Reached * piety under Cheibriados
  7729 | D:7      | Reached XP level 10. HP: 38/92 MP: 14/14
  7732 | D:7      | Killed Pikel
  7733 | D:7      | Reached skill level 1 in Shields
  8000 | D:8      | Reached skill level 5 in Dodging
  8034 | D:8      | Reached skill level 7 in Unarmed Combat
  8110 | D:8      | Found a staircase to the Lair.
  8319 | D:8      | Reached ** piety under Cheibriados
  8716 | D:8      | Reached skill level 8 in Unarmed Combat
  8990 | Lair:1   | Entered Level 1 of the Lair of Beasts
  9011 | Lair:1   | Noticed a cane toad
  9024 | Lair:1   | Killed a cane toad
  9126 | Lair:1   | Got a fine sapphire amulet
  9153 | Lair:1   | Reached XP level 11. HP: 101/101 MP: 16/16
  9342 | Lair:1   | Reached *** piety under Cheibriados
  9350 | Lair:1   | Reached skill level 5 in Throwing
  9772 | Lair:1   | Noticed an oklob plant
  9781 | Lair:1   | Identified the cursed amulet "Ishiyt" {Inacc +Fly} (You
                  | found it on level 1 of the Lair of Beasts)
  9928 | Lair:2   | Noticed an eight-headed hydra
  9970 | Lair:2   | Noticed an eight-headed hydra
  9992 | Lair:2   | Killed an eight-headed hydra
 10011 | Lair:2   | Found a runed translucent door.
 10012 | Lair:2   | Identified the +9 trident "Kaxeal" {flame, rC++ rN+ Str+6}
 10014 | Lair:2   | Noticed a spriggan rider
 10047 | Lair:2   | Reached skill level 5 in Slings
 10047 | Lair:2   | Found a frozen archway.
 10047 | Lair:2   | Noticed Uweobari's ghost (journeyman DsFi)
 10062 | Lair:2   | Reached skill level 5 in Fighting
 10081 | IceCv    | Entered an ice cave
 10141 | IceCv    | Reached skill level 9 in Unarmed Combat
 10271 | IceCv    | Reached **** piety under Cheibriados
 10366 | IceCv    | Noticed a death yak
 10388 | IceCv    | Killed a death yak
 10498 | IceCv    | Gained mutation: You heal very quickly. [Troll growth]
 10498 | IceCv    | Reached XP level 12. HP: 57/111 MP: 18/18
 10754 | IceCv    | Reached ***** piety under Cheibriados
 10765 | IceCv    | Noticed a death yak
 10767 | IceCv    | Reached skill level 10 in Unarmed Combat
 10775 | IceCv    | Killed a death yak
 10780 | IceCv    | Noticed a frost giant
 10784 | IceCv    | Reached skill level 1 in Invocations
 10797 | IceCv    | Killed a frost giant
 10977 | Lair:2   | Killed an eight-headed hydra
 11283 | Lair:2   | Reached skill level 5 in Spellcasting
 11900 | Lair:3   | Identified the amulet "Erolocec" {Gourm Int+4} (You
                  | acquired it on level 3 of the Lair of Beasts)
 11920 | Lair:3   | Got a pitted quarterstaff
 12017 | Lair:3   | Found a hole to the Spider Nest.
 12069 | Lair:3   | Noticed Sonja
 12075 | Lair:3   | Killed Sonja
 12801 | Lair:4   | Reached XP level 13. HP: 120/120 MP: 19/19
 12903 | Lair:4   | Found a staircase to the Shoals.
 13554 | Lair:5   | Noticed Nessos
 13565 | Lair:5   | Killed Nessos
 13644 | Lair:5   | Noticed Rupert
 13680 | Lair:5   | Reached skill level 11 in Unarmed Combat
 13711 | Lair:5   | Paralysed by Rupert for 4 turns
 13731 | Lair:5   | Killed Rupert
 13996 | Lair:5   | Found a runed door.
 13997 | Lair:5   | Found a viscous altar of Jiyva.
 13999 | Lair:5   | Found a staircase to the Slime Pits.
 13999 | Lair:5   | Noticed an acid blob
 14323 | Lair:6   | Entered Level 6 of the Lair of Beasts
 14378 | Lair:6   | Reached skill level 5 in Evocations
 14449 | Lair:6   | Reached ****** piety under Cheibriados
 14949 | Lair:6   | Reached XP level 14. HP: 131/131 MP: 20/22
 15182 | Lair:6   | Reached skill level 12 in Unarmed Combat
 15862 | D:9      | Found Efooj's Distillery.
 15939 | D:9      | Bought a potion of mutation for 96 gold pieces
 15939 | D:9      | Bought a potion of heal wounds for 60 gold pieces
 15939 | D:9      | Bought a potion of heal wounds for 60 gold pieces
 16167 | D:9      | Reached skill level 5 in Invocations
 16205 | D:10     | Entered Level 10 of the Dungeon
 16742 | D:10     | Learned a level 1 spell: Flame Tongue
 16904 | D:10     | Noticed Harold
 16926 | D:10     | Killed Harold
 17255 | D:11     | Found Ackuvemo's Jewellery Shoppe.
 17273 | D:11     | Bought the amulet "Jeoc Yni" {Reflect rPois rN+ SH+3
                  | Stlth+} for 508 gold pieces
 17287 | D:11     | Found Zej Fyeb's Armour Shop.
 17459 | D:11     | Found Acywkubb's Magic Scroll Boutique.
 17472 | D:11     | Bought a scroll of teleportation for 33 gold pieces
 17472 | D:11     | Bought a scroll of teleportation for 33 gold pieces
 17472 | D:11     | Bought a scroll of teleportation for 33 gold pieces
 17472 | D:11     | Bought a scroll of teleportation for 33 gold pieces
 17658 | D:11     | Reached skill level 1 in Conjurations
 17913 | D:11     | Mangled by an orange demon

Skill      XL: |  1  2  3  4  5  6  7  8  9 10 11 12 13 14 |
---------------+-------------------------------------------+-----
Fighting       | 1 2 3 4 5 6 7 |  7.1
Unarmed Combat | 1 2 3 4 5 6 8 9 10 11 12 | 12.3
Dodging        | 3 4 5 6 7 8 |  8.5
Throwing       | 1 2 3 4 5 6 7 |  7.5
Stealth        | 2 3 |  3.4
Evocations     | 1 2 3 4 5 |  5.7
Spellcasting   | 1 2 3 4 5 6 |  6.3
Slings         | 1 2 3 4 5 6 |  6.6
Shields        | 2 3 4 |  4.6
Invocations    | 3 4 5 |  5.3
Conjurations   | 1 |  1.2
Maces & Flails | |  1.0
Fire Magic     | |  0.7

Action                   |  1- 3 |  4- 6 |  7- 9 | 10-12 | 13-15 || total
-------------------------+-------+-------+-------+-------+-------++-------
Melee: Unarmed           |   147 |    85 |   235 |   446 |   411 ||  1324
       Punch             |     1 |       |     7 |    27 |    36 ||    71
 Fire: Hunting sling     |       |    97 |   175 |   226 |   108 ||   606
       Blowgun           |       |     1 |     2 |    15 |     1 ||    19
       Fustibalus        |       |       |       |       |   158 ||   158
Throw: Tomahawk          |       |       |     3 |       |    12 ||    15
       Stone             |       |       |       |     8 |    54 ||    62
Evoke: Wand              |       |       |       |     1 |     2 ||     3
       Phial of floods   |       |       |       |       |     2 ||     2
       Phantom mirror    |       |       |       |       |     1 ||     1
       Lightning rod     |       |       |       |       |     4 ||     4
  Use: Scroll            |     1 |     5 |     7 |    10 |    20 ||    43
       Potion            |       |       |     1 |     6 |     2 ||     9
 Stab: Sleeping          |     5 |     2 |     1 |     6 |    13 ||    27
       Distracted        |       |       |       |     2 |       ||     2
       Invisible         |       |       |       |       |     2 ||     2
  Eat: Chunk             |    18 |    19 |    34 |    39 |    40 ||   150
Armor: Skin              |    58 |    32 |   103 |   207 |   180 ||   580
Dodge: Dodged            |    62 |    56 |   129 |   302 |   444 ||   993
Block: Medium shield     |       |       |       |       |    87 ||    87
       Reflection        |       |       |       |       |    15 ||    15
       Other             |       |       |       |       |     9 ||     9
